Map: Pillars of Gold LE

Players

Clem

  • Race: Terran Terran
  • Spawn Location: 1:00

Zest - Winner!

  • Race: Protoss Protoss
  • Spawn Location: 7:00

Event: IEM Katowice 2021

VOD

Have the link to the VOD?

Description

Time

  • Played on: Feb. 27, 2021, 1:06 p.m.
  • Length: 28:57

All games in this series

Show
View Real Time Build Order
Export as new Build Order

Clem Terran 

Build Orders: Reaper Expand 

Get SALT Encoding   

  12  0:00  SCV  
  13  0:12  SCV  
  14  0:18  Supply Depot  
  14  0:24  SCV  
  15  0:39  SCV  
  15  0:41  Barracks  
  16  0:46  Refinery  
  16  0:51  SCV  
  17  1:03  SCV  
  18  1:15  SCV  
  19  1:28  Reaper, Orbital Command  
  20  1:43  Command Center  
  20  1:52  Supply Depot  
  20  1:56  SCV  
  20  2:00  Marine  
  22  2:07  Bunker  
  22  2:09  SCV  
  22  2:14  Factory  
  23  2:18  Marine  
  23  2:21  SCV  
  25  2:27  Bunker  
  25  2:33  SCV  
  25  2:36  Refinery  
  26  2:37  Barracks Reactor  
  26  2:45  SCV  
  27  2:55  Orbital Command  
  27  2:57  SCV  
  28  2:59  Hellion  
  30  3:05  Starport  
  30  3:09  SCV  
  31  3:14  Marine x2  
  33  3:21  SCV  
  33  3:22  Widow Mine  
  33  3:23  SCV  
  37  3:33  SCV, Marine x2  
  40  3:36  SCV  
  40  3:37  Supply Depot  
  41  3:44  Viking  
  41  3:45  SCV, Factory Tech Lab  
  41  3:48  SCV  
  45  3:51  Marine  
  46  3:57  Supply Depot  
  46  3:58  SCV  
  46  4:00  SCV  
  47  4:10  SCV  
  47  4:11  Cyclone  
  47  4:14  SCV, Viking  
  53  4:19  Marine  
  53  4:22  SCV, Marine  
  56  4:26  SCV  
  57  4:32  Supply Depot  
  57  4:34  SCV  
  58  4:41  SCV  
  58  4:43  Command Center  
  57  4:46  Cyclone  
  57  4:48  Marine x2  
  62  4:53  SCV  
  62  4:54  SCV  
  62  4:56  Viking  
  65  5:04  Barracks  
  65  5:06  Barracks  
  65  5:07  SCV  
  65  5:08  SCV  
  65  5:09  Supply Depot  
  65  5:11  Marine  
  65  5:12  Marine  
  69  5:21  Supply Depot  
  69  5:24  SCV  
  69  5:26  Refinery  
  69  5:28  Starport Tech Lab  
  70  5:31  SCV, Siege Tank  
  70  5:32  Marine x2  
  70  5:34  Refinery  
  76  5:38  SCV, Engineering Bay x2  
  75  5:44  SCV  
  75  5:49  Marine x2  
  76  5:50  SCV  
  76  5:54  Barracks Tech Lab  
  76  5:56  SCV, Starport Reactor, Orbital Command  
  80  6:01  Marine  
  80  6:02  SCV  
  79  6:04  Stimpack  
  79  6:07  Marine  
  79  6:08  SCV  
  79  6:09  Marine  
  79  6:10  Factory Reactor  
  76  6:12  Marine, Bunker  
  76  6:15  SCV  
  76  6:19  Marine  
  76  6:20  SCV  
  76  6:25  SCV, Marine  
  68  6:27  SCV, Marine  
  68  6:29  Missile Turret  
  68  6:30  Marine  
  68  6:32  Supply Depot  
  68  6:36  SCV, Marine  
  66  6:40  SCV  
  66  6:43  Marine  
  66  6:45  Marine  
  61  6:47  Marine, Combat Shield  
  61  6:48  SCV  
  61  6:49  Terran Infantry Weapons Level 1, Terran Infantry Armor Level 1  
  61  6:53  Missile Turret  
  62  6:54  Marine  
  62  6:56  Widow Mine x2  
  62  6:58  SCV x2  
  62  7:00  SCV  
  62  7:01  Marine  
  68  7:06  Marine  
  69  7:09  Missile Turret  
  69  7:10  Marauder, SCV  
  69  7:13  Medivac  
  69  7:14  Marauder  
  76  7:17  SCV x2  
  76  7:21  Marine  
  79  7:23  Widow Mine x2  
  79  7:26  Barracks  
  79  7:28  Barracks, Orbital Command  
  83  7:31  Supply Depot, Marine  
  83  7:32  Marauder  
  86  7:37  SCV  
  86  7:40  Medivac  
  86  7:41  Marine  
  86  7:42  Marauder  
  86  7:43  SCV  
  92  7:48  Widow Mine x2  
  96  7:53  Marauder, Supply Depot  
  96  7:54  Medivac  
  96  7:56  SCV  
  96  7:57  SCV  
  102  7:58  SCV  
  102  8:03  Marine x2  
  105  8:06  Marauder  
  105  8:08  SCV  
  105  8:12  Widow Mine  
  110  8:13  Widow Mine  
  110  8:15  Barracks Tech Lab  
  110  8:16  Barracks Reactor  
  110  8:17  SCV  
  110  8:18  SCV  
  114  8:22  Supply Depot  
  114  8:24  Marine x2  
  116  8:27  SCV  
  116  8:31  Medivac, Supply Depot  
  116  8:32  Medivac  
  121  8:35  Marauder  
  121  8:37  Marauder  
  125  8:44  Marauder, Supply Depot  
  125  8:45  Armory  
  129  8:48  Widow Mine  
  129  8:49  Widow Mine  
  129  8:50  SCV x2  
  129  8:52  SCV  
  129  8:53  Marine x2  
  135  8:56  Supply Depot, Marine  
  135  9:01  Marauder  
  137  9:02  Marine x2  
  137  9:04  SCV x2  
  141  9:10  Marine  
  141  9:12  SCV  
  141  9:13  Refinery  
  141  9:14  Marine x2  
  141  9:16  Supply Depot  
  143  9:17  Marine, Supply Depot, Concussive Shells  
  143  9:21  Marauder  
  143  9:23  Marauder  
  148  9:26  Marine  
  148  9:30  Command Center  
  149  9:33  Terran Infantry Weapons Level 2  
  149  9:36  Terran Infantry Armor Level 2  
  149  9:41  Marine x2  
  149  9:42  Marine x2  
  149  9:44  Marauder, Marine  
  154  9:46  Marine  
  141  9:54  SCV  
  141  9:59  SCV, Marine  
  117  10:00  Marauder, Marine  
  117  10:02  Marauder  
  117  10:04  Widow Mine x2  
  117  10:05  Marine  
  117  10:06  Marauder, SCV  
  97  10:15  SCV  
  97  10:18  Medivac, Marine  
  92  10:22  Marauder  
  92  10:24  Marauder  
  92  10:25  Marine x3  
  92  10:27  Marauder, SCV  
  92  10:28  SCV  
  103  10:31  SCV  
  104  10:40  SCV x2  
  104  10:41  Widow Mine x2, Marine  
  111  10:45  Marauder  
  111  10:47  Marine x2  
  111  10:48  Ghost Academy  
  115  10:50  SCV, Marine  
  115  10:52  SCV x2  
  115  10:55  Marauder  
  121  10:57  Medivac  
  121  10:59  Medivac  
  121  11:01  Marine  
  121  11:02  Marauder  
  126  11:05  SCV x2  
  126  11:08  SCV  
  126  11:09  Marine x3  
  132  11:14  Planetary Fortress  
  132  11:15  Marine  
  132  11:17  Marauder  
  132  11:18  SCV  
  135  11:20  Marine  
  135  11:22  SCV  
  135  11:24  Marauder  
  133  11:27  SCV, Marine  
  133  11:30  SCV  
  125  11:34  Marauder, Marine x2  
  125  11:36  Widow Mine  
  125  11:39  Marine  
  125  11:42  Marauder, SCV  
  125  11:43  SCV  
  125  11:45  Marine  
  127  11:57  Widow Mine x2, Marine x2  
  127  11:58  Marauder  
  127  11:59  SCV  
  133  12:03  Marine  
  133  12:04  Marauder  
  133  12:05  Marine  
  133  12:08  SCV  
  133  12:12  SCV x2  
  135  12:17  Ghost  
  137  12:23  Ghost  
  137  12:25  SCV x2  
  137  12:27  SCV  
  137  12:28  SCV  
  143  12:33  Marine x2  
  143  12:34  Marine x2  
  146  12:37  SCV, Ghost  
  146  12:42  Widow Mine x2  
  151  12:49  Ghost  
  157  12:52  Ghost  
  157  12:57  Marine x3  
  157  12:58  Marine  
  163  13:03  Viking x2  
  163  13:05  Supply Depot  
  161  13:07  Marauder  
  163  13:18  Marauder, Marine x3  
  166  13:21  Ghost  
  166  13:26  Marine  
  164  13:27  Starport  
  164  13:28  Marauder  
  165  13:34  Viking  
  165  13:35  Marine, Viking  
  165  13:37  Widow Mine  
  165  13:38  Widow Mine  
  165  13:40  Marauder  
  176  13:46  SCV  
  176  13:47  SCV  
  141  13:48  Ghost  
  141  13:50  Marauder  
  141  13:55  Marine  
  114  13:57  SCV x2  
  114  14:01  Marauder, Marine  
  90  14:09  Marine x2  
  79  14:12  Marauder  
  79  14:15  Viking  
  83  14:17  Ghost  
  83  14:19  Marine x2  
  83  14:21  SCV x3  
  83  14:22  SCV  
  91  14:28  Marine x2  
  93  14:31  Medivac  
  93  14:33  SCV  
  93  14:34  Ghost  
  93  14:36  Marauder  
  93  14:37  SCV x3  
  103  14:39  Marine x2  
  103  14:44  Medivac  
  107  14:45  Marine x2  
  107  14:48  Marauder  
  107  14:50  SCV x2  
  107  14:51  SCV  
  107  14:52  SCV  
  115  14:53  Refinery  
  115  14:54  Refinery  
  115  14:56  Missile Turret  
  115  14:57  Marauder, Marine  
  116  15:02  SCV  
  116  15:04  Marine x2  
  116  15:06  SCV x2  
  121  15:07  SCV  
  121  15:08  Marine  
  121  15:09  Marauder  
  121  15:10  Marauder  
  127  15:16  Marine  
  127  15:19  Command Center  
  128  15:22  Marauder  
  128  15:24  Medivac  
  128  15:27  Marine x3  
  134  15:34  Marauder, Marine  
  125  15:36  Marauder  
  118  15:43  Marauder  
  118  15:46  Medivac  
  118  15:48  SCV x2  
  96  15:51  Marine  
  96  15:53  SCV x2  
  96  15:55  Marauder  
  88  15:57  Marauder  
  88  15:59  Marine  
  88  16:00  SCV x2  
  93  16:05  SCV x2  
  93  16:06  Marine x2  
  93  16:11  Marine  
  97  16:12  Marauder  
  97  16:15  SCV  
  97  16:16  SCV  
  102  16:21  Marine  
  102  16:23  Medivac x2  
  102  16:24  SCV  
  102  16:25  SCV  
  107  16:29  Ghost  
  109  16:33  Ghost  
  109  16:38  Marine x3  
  109  16:39  SCV  
  114  16:42  SCV x2  
  114  16:44  SCV  
  117  16:51  Marine, Ghost  
  120  16:58  Marine x4  
  124  17:06  SCV  
  124  17:08  Medivac  
  119  17:09  Medivac  
  119  17:10  Marine  
  119  17:11  Marauder  
  119  17:13  Widow Mine  
  119  17:14  SCV x2  
  119  17:15  SCV  
  129  17:19  Marine x2  
  129  17:21  Marauder  
  129  17:22  Marine  
  134  17:29  Marauder  
  136  17:31  Viking  
  136  17:34  Viking  
  136  17:35  Widow Mine  
  142  17:41  Marine  
  142  17:42  Marine x3  
  142  17:43  Marine x2  
  148  17:51  SCV x2  
  148  17:52  SCV  
  148  17:56  Orbital Command  
  148  17:58  Widow Mine  
  153  18:00  Marine x4  
  153  18:03  SCV  
  157  18:07  Viking  
  157  18:09  Viking  
  160  18:16  SCV  
  161  18:21  Terran Infantry Weapons Level 3  
  161  18:22  SCV  
  161  18:26  Marine  
  162  18:27  Widow Mine, Marine  
  162  18:28  Marine  
  162  18:33  Viking  
  168  18:36  Viking  
  168  18:40  Viking  
  172  18:48  Marine x2  
  171  18:49  Marine x2  
  171  18:50  Marauder x2  
  171  18:51  Orbital Command  
  167  18:55  Marauder  
  167  18:56  SCV  
  168  19:07  Marine x2  
  170  19:11  Marauder x2  
  170  19:13  SCV  
  173  19:19  Marine  
  170  19:24  Orbital Command  
  170  19:27  Marauder  
  170  19:28  Marine  
  143  19:33  Marauder  
  143  19:34  SCV  
  143  19:38  Marine  
  126  19:40  SCV  
  126  19:45  Marine x2  
  100  19:52  Marine  
  95  19:54  SCV x2  
  95  19:56  SCV  
  95  20:02  Marine x2  
  95  20:04  Marine  
  98  20:13  SCV x3  
  101  20:15  Marine x2  
  99  20:21  Ghost  
  99  20:27  Ghost  
  102  20:34  Ghost  
  104  20:36  Widow Mine  
  104  20:38  Widow Mine  
  104  20:42  SCV  
  109  20:43  SCV  
  109  20:45  Marine  
  109  20:47  Marine x2  
  109  20:48  Marine  
  113  20:55  Marauder  
  117  20:57  Marauder  
  117  21:04  Marauder, Marine  
  120  21:07  Widow Mine x2  
  120  21:09  Marine  
  120  21:10  Marine  
  124  21:12  SCV  
  124  21:13  Marine  
  124  21:15  Ghost  
  124  21:18  Marine  
  127  21:23  SCV x2  
  127  21:24  Marine  
  127  21:25  Marauder  
  132  21:28  Medivac  
  132  21:30  Medivac  
  136  21:33  Marine x2  
  136  21:35  Marine  
  136  21:36  Marauder  
  141  21:45  Marauder  
  136  21:48  Medivac  
  136  21:50  Marine x2  
  136  21:53  Widow Mine  
  123  21:56  Marine x2  
  123  21:57  Marauder, Marine  
  123  22:00  Widow Mine  
  130  22:03  Medivac  
  130  22:06  Marauder  
  134  22:11  Marine x2  
  134  22:13  Terran Infantry Armor Level 3  
  136  22:16  Widow Mine  
  136  22:19  Marine x3  
  140  22:29  Widow Mine  
  138  22:30  Marine  
  138  22:31  Marauder x2  
  141  22:39  Viking x2  
  141  22:40  Marine  
  145  22:46  Marauder, Marine  
  145  22:48  Marine x2  
  147  22:54  Marauder  
  153  22:58  Widow Mine x2  
  153  23:02  Medivac, Marine  
  156  23:06  Marine  
  156  23:07  Marauder  
  159  23:14  Marine x2  
  159  23:17  Marauder x2  
  165  23:25  Widow Mine x2  
  165  23:26  Marine  
  166  23:29  Marauder, Marine  
  169  23:36  Viking  
  169  23:39  Marauder  
  173  23:42  Viking  
  173  23:46  Marine x2  
  146  23:56  Marine x2  
  146  23:57  Marauder, Marine  
  146  24:00  Marine  
  146  24:01  Medivac  
  132  24:04  Marine  
  132  24:07  Marine  
  134  24:15  Marauder  
  134  24:16  Viking  
  130  24:18  Widow Mine x2, Marauder  
  130  24:20  Marine x2  
  130  24:23  Marauder  
  130  24:25  Marine  
  131  24:32  Viking  
  131  24:34  Marine  
  134  24:40  SCV  
  134  24:44  Marine x3  
  136  24:46  Marauder x2, Orbital Command  
  136  24:50  Widow Mine  
  140  24:53  Marine  
  139  25:01  Viking  
  139  25:03  Marine x2  
  139  25:06  Marine  
  134  25:12  Marine x2  
  129  25:15  Marauder  
  129  25:18  Marine  
  129  25:21  Marine  
  122  25:27  Marine  
  95  25:31  Marauder  
  76  25:36  Marauder, Marine  
  76  25:42  Marine x2  
  72  25:46  Marine  
  65  25:52  Marauder  
  65  25:56  Marauder  
  62  26:01  Marauder  
  64  26:04  Marine x2  
  64  26:06  Marine  
  64  26:11  Viking  
  69  26:14  Orbital Command  
  69  26:16  Viking  
  71  26:20  SCV  
  71  26:22  Viking  
  74  26:30  Ghost  
  76  26:33  Marine x2  
  76  26:34  Marine  
  76  26:36  Orbital Command  
  78  26:40  Marauder  
  78  26:43  Orbital Command  
  79  26:57  Marine  
  80  27:11  Ghost  
  74  27:23  Viking  
  75  27:33  Marine  
  75  27:34  Marine x2  
  75  27:35  Marauder  
  75  27:36  Marine  
  79  27:38  Orbital Command  
  79  27:42  Marine  
  79  27:43  Marauder  
  81  27:53  Viking  
  81  27:57  Marine  
  84  28:01  Marine  
  84  28:02  Marine  
  86  28:07  Marauder  
  88  28:17  Marine x2  
  82  28:20  Marauder  
  82  28:24  Marine x2  
  80  28:31  SCV  
  81  28:35  Marine x2  
  81  28:36  Marine  
  81  28:38  Marine  
Show
View Real Time Build Order
Export as new Build Order

Zest Protoss - Winner!

Build Orders: 1 Gate Expand, Oracle Opening, Phoenix Opening, Mass Phoenix 

Get SALT Encoding   

  12  0:00  Probe  
  13  0:12  Probe  
  14  0:17  Pylon  
  14  0:24  Probe (Chrono Boost)  
  15  0:37  Probe (Chrono Boost)  
  15  0:38  Gateway  
  16  0:45  Probe (Chrono Boost)  
  16  0:47  Assimilator  
  17  0:51  Probe  
  18  1:03  Probe  
  19  1:15  Probe  
  20  1:26  Cybernetics Core  
  20  1:38  Nexus  
  20  1:41  Probe  
  21  1:48  Pylon  
  21  1:53  Probe  
  22  1:57  Assimilator  
  22  2:04  Adept (Chrono Boost)  
  22  2:06  Probe  
  25  2:18  Stargate  
  25  2:20  Probe (Chrono Boost)  
  26  2:27  Adept  
  28  2:31  Probe (Chrono Boost)  
  28  2:33  Warp Gate  
  29  2:38  Probe  
  30  2:50  Probe  
  30  2:51  Probe  
  32  3:00  Oracle (Chrono Boost)  
  32  3:02  Probe  
  32  3:03  Probe  
  32  3:05  Adept  
  39  3:09  Pylon  
  39  3:14  Probe  
  39  3:15  Probe  
  41  3:26  Probe  
  42  3:27  Probe  
  42  3:29  Gateway  
  45  3:35  Phoenix (Chrono Boost)  
  45  3:38  Probe  
  45  3:39  Probe  
  47  3:41  Pylon  
  47  3:43  Assimilator  
  47  3:50  Probe  
  47  3:51  Probe  
  49  3:57  Phoenix (Chrono Boost)  
  49  4:02  Probe  
  52  4:03  Probe  
  53  4:14  Probe, Phoenix (Chrono Boost)  
  53  4:15  Probe  
  57  4:24  Gateway  
  57  4:30  Pylon, Phoenix (Chrono Boost)  
  59  4:40  Nexus  
  59  4:42  Sentry  
  59  4:45  Pylon  
  61  4:47  Probe  
  61  4:48  Probe  
  61  4:54  Phoenix (Chrono Boost)  
  61  4:57  Zealot  
  61  4:59  Probe  
  66  5:00  Gateway  
  66  5:02  Pylon  
  66  5:09  Shield Battery  
  66  5:10  Phoenix (Chrono Boost)  
  68  5:15  Shield Battery  
  68  5:17  Probe x2  
  70  5:23  Zealot x2, Sentry  
  76  5:29  Probe x2  
  76  5:34  Pylon, Phoenix (Chrono Boost)  
  80  5:44  Zealot  
  80  5:45  Zealot  
  84  5:51  Zealot  
  84  5:55  Phoenix (Chrono Boost)  
  84  6:14  Probe x3, Phoenix (Chrono Boost)  
  87  6:26  Probe x3  
  88  6:37  Zealot x4  
  88  6:38  Probe  
  88  6:39  Twilight Council  
  91  6:40  Probe x2, Forge  
  85  6:50  Probe  
  85  6:51  Assimilator  
  85  6:52  Assimilator, Probe x2  
  86  7:02  Probe  
  86  7:04  Probe x2  
  86  7:05  Robotics Facility  
  86  7:07  Protoss Ground Weapons Level 1 (Chrono Boost)  
  89  7:09  Gateway  
  89  7:10  Gateway  
  89  7:12  Gateway  
  89  7:14  Probe  
  89  7:15  Charge (Chrono Boost)  
  90  7:16  Probe  
  90  7:17  Probe  
  90  7:22  Templar Archives  
  92  7:28  Gateway x2  
  92  7:31  Gateway  
  92  7:43  Zealot x4  
  100  7:46  Pylon  
  100  7:47  Psionic Storm  
  100  7:50  Pylon  
  100  7:51  Assimilator  
  100  7:53  Pylon  
  100  8:02  Warp Prism (Chrono Boost)  
  102  8:09  High Templar x3  
  102  8:11  Zealot x4  
  116  8:13  Pylon  
  116  8:14  Pylon  
  116  8:16  Pylon x2  
  116  8:25  High Templar  
  118  8:31  Observer (Chrono Boost)  
  119  8:40  Probe x2  
  119  8:41  Probe  
  121  8:53  Nexus  
  121  8:55  Protoss Ground Armor Level 1 (Chrono Boost)  
  121  9:00  Immortal (Chrono Boost)  
  121  9:02  Probe  
  122  9:05  Blink  
  122  9:08  Forge  
  122  9:09  Pylon  
  119  9:11  Pylon  
  119  9:16  Stalker  
  121  9:17  Stalker x9  
  121  9:19  Observer  
  139  9:26  Robotics Facility  
  139  9:35  Observer  
  132  9:55  Archon  
  132  9:56  Zealot x10  
  132  9:57  Warp Prism (Chrono Boost)  
  107  10:22  High Templar x4  
  107  10:24  Immortal (Chrono Boost)  
  107  10:25  Robotics Bay  
  107  10:26  Observer (Chrono Boost)  
  120  10:30  Stalker  
  120  10:31  Zealot x5  
  132  10:44  Probe x2  
  132  10:45  Probe  
  132  10:46  Immortal (Chrono Boost)  
  132  10:49  Pylon  
  139  10:56  Immortal  
  141  11:05  Photon Cannon  
  141  11:06  Photon Cannon  
  141  11:08  Photon Cannon  
  141  11:11  Zealot  
  134  11:28  Archon  
  134  11:29  Archon  
  134  11:31  Colossus (Chrono Boost)  
  134  11:32  Colossus (Chrono Boost)  
  127  11:36  Extended Thermal Lance  
  127  11:39  Zealot x2  
  139  11:40  Zealot x6  
  137  12:08  Zealot  
  137  12:09  Zealot x8  
  137  12:14  Sentry  
  157  12:19  Protoss Ground Weapons Level 2 (Chrono Boost)  
  157  12:20  Protoss Ground Armor Level 2 (Chrono Boost)  
  157  12:32  Warp Prism  
  157  12:33  Observer  
  157  12:35  Zealot, High Templar x4  
  163  12:37  Zealot  
  163  12:42  Observer  
  165  12:45  Stalker x2  
  165  12:57  Stalker x3  
  164  13:06  Zealot  
  164  13:10  Zealot x4  
  172  13:16  Zealot x2  
  166  13:29  Zealot x4  
  134  13:50  Archon  
  134  13:52  Zealot x8  
  124  13:59  Observer  
  85  14:10  High Templar x2  
  85  14:14  High Templar x7  
  101  14:18  Archon x3  
  101  14:26  Probe x3  
  101  14:27  Probe  
  101  14:28  Warp Prism (Chrono Boost)  
  101  14:29  Sentry  
  107  14:32  Observer (Chrono Boost)  
  110  14:46  Stalker x3  
  110  14:47  Stalker x3, Observer  
  122  15:12  High Templar x2  
  122  15:13  Zealot x8  
  142  15:17  Archon  
  142  15:21  Observer x2  
  144  15:33  Observer  
  126  15:38  Stalker x2  
  126  15:41  Archon  
  114  15:45  Zealot x3  
  114  15:46  Zealot  
  73  16:00  Zealot x6, High Templar x2  
  73  16:01  Zealot, Immortal x2 (Chrono Boost)  
  73  16:02  Zealot  
  99  16:25  Sentry  
  99  16:26  Sentry  
  99  16:32  Zealot x4, Sentry  
  109  16:33  Zealot x2  
  109  16:36  Observer  
  109  16:39  Nexus  
  117  16:58  Zealot x3  
  117  16:59  Zealot x7  
  133  17:20  High Templar x3  
  133  17:21  Zealot x7  
  133  17:22  Protoss Ground Weapons Level 3 (Chrono Boost)  
  152  17:26  Archon  
  152  17:44  Stalker x3  
  152  17:45  Zealot x3  
  164  18:02  Zealot, Pylon, Stalker x3  
  172  18:11  Zealot x3  
  176  18:30  Stalker, Zealot x6  
  190  18:41  Stalker x3  
  190  18:47  Warp Prism, Observer  
  189  19:03  Zealot x5  
  191  19:28  Zealot x10  
  99  19:50  High Templar x4  
  99  19:51  Zealot x5  
  94  19:55  Archon  
  94  19:56  Archon  
  94  19:58  Zealot  
  92  20:01  Observer  
  91  20:12  Stalker x4, Zealot x2  
  101  20:26  Observer  
  101  20:27  Photon Cannon  
  92  20:31  Stalker x2, Zealot x3  
  92  20:32  Zealot x2  
  92  20:34  Warp Prism, Observer  
  108  20:39  Assimilator  
  108  20:42  Assimilator  
  108  20:49  Warp Prism  
  100  21:04  High Templar x2  
  100  21:05  Zealot x7  
  118  21:17  Sentry  
  120  21:31  Stalker x2  
  120  21:32  Zealot x5  
  134  21:37  Zealot  
  136  21:46  Archon  
  114  21:57  Zealot, High Templar  
  114  21:58  Zealot x5  
  125  22:13  Zealot x2, High Templar  
  131  22:22  Assimilator  
  131  22:26  Assimilator  
  129  22:38  Colossus (Chrono Boost)  
  127  22:53  Zealot x6  
  127  22:54  Zealot x2  
  143  23:00  Zealot x2  
  147  23:19  Zealot  
  149  23:22  Colossus (Chrono Boost)  
  161  23:36  Colossus (Chrono Boost)  
  159  23:41  Observer  
  159  23:42  Zealot x3  
  159  23:45  Zealot x2  
  103  24:06  Stalker x5  
  103  24:09  Observer (Chrono Boost)  
  104  24:25  Zealot x5  
  104  24:30  High Templar  
  104  24:31  High Templar  
  117  24:36  Archon  
  117  24:42  Stalker x2  
  121  25:04  Zealot x7  
  101  25:22  Zealot  
  101  25:23  Zealot x4  
  87  25:29  Zealot x3  
  87  25:34  Zealot  
  69  25:43  Stalker  
  69  25:47  High Templar x3  
  75  25:53  Archon  
  75  25:54  High Templar  
  77  25:59  Archon  
  77  26:11  Zealot  
  77  26:14  Sentry  
  77  26:15  Sentry x2  
  77  26:16  Stalker x2  
  89  26:31  Observer (Chrono Boost)  
  89  26:32  Observer (Chrono Boost)  
  91  26:50  Zealot x5, High Templar x2  
  105  26:59  Archon, Stalker  
  105  27:28  Zealot x4, High Templar x2  
  109  27:35  Archon  
  108  27:39  Zealot  
  108  27:41  Observer  
  108  27:44  Zealot  
  111  27:55  High Templar  
  111  27:56  Zealot x2, High Templar  
  119  28:00  Archon  
  119  28:16  Observer  
  115  28:24  High Templar x2  
  115  28:25  Zealot x4  
  127  28:29  Archon  

Tags
 
Add a new tag
Caveats
  • Supply blocks, unpowered buildings, or Contaminate may cause inaccurate times.
  • Supply counts are checked every 10 seconds.